[ PARTIDA AOE2 · #472668678 ]
UnrankedFrancos vs Hindustanis
[ ANÁLISIS DE REPETICIÓN · EXTRAÍDO DE LA PARTIDA GRABADA ]
Feudal
—
Castillos
—
Imperial
—
| APM promedio | 21.8 |
| APM pico | 57 |
| eAPM promedio | 12.3 |
| Aldeanos / militares | 85 / 89 |
Foco
⚔️ 30.0% · 🌾 70.0%
Knight ×56 · Throwing Axeman ×30 · Battering Ram ×3
Feudal
9:59
Castillos
22:48
Imperial
43:05
| APM promedio | 35.9 |
| APM pico | 80 |
| eAPM promedio | 19.1 |
| Aldeanos / militares | 98 / 81 |
Foco
⚔️ 27.2% · 🌾 72.8%
Ghulam ×55 · Monk ×9 · Camel Scout ×9 · Scout Cavalry ×8
Feudal
12:32
Castillos
24:48
Imperial
—
| APM promedio | 9.6 |
| APM pico | 30 |
| eAPM promedio | 7.3 |
| Aldeanos / militares | 65 / 26 |
Foco
⚔️ 17.9% · 🌾 82.1%
Spearman ×17 · Scout Cavalry ×9 · Trade Cart ×6
Feudal
11:34
Castillos
17:13
Imperial
37:49
| APM promedio | 37.1 |
| APM pico | 72 |
| eAPM promedio | 22.3 |
| Aldeanos / militares | 97 / 148 |
Foco
⚔️ 33.8% · 🌾 66.2%
Fire Lancer ×112 · Skirmisher ×30 · Spearman ×3 · Bombard Cannon ×2 · Battering Ram ×1 · Unknown (1105) ×1
Mapa de la partida
Recursos iniciales + cada clic de construcción. Líneas = muros · curvas = relieve. ◆ oro · ⬟ piedra · ● bayas · ✦ reliquia · ◌ hueco del cierre
Inputs por minuto
— PinBuckle914816 - - facu07delvechio
Build order — PinBuckle914816
Primeras 150 de 286 acciones detectadas
| 0:01 | Crear | Villager (Male) |
| 0:02 | Crear | Villager (Male) |
| 0:02 | Crear | Villager (Male) |
| 0:02 | Crear | Villager (Male) |
| 0:05 | Construir | House |
| 0:06 | Construir | House |
| 1:39 | Crear | Villager (Male) |
| 1:40 | Crear | Villager (Male) |
| 2:32 | Crear | Villager (Male) |
| 2:32 | Crear | Villager (Male) |
| 2:32 | Crear | Villager (Male) |
| 2:33 | Crear | Villager (Male) |
| 2:34 | Investigar | Loom |
| 2:54 | Crear | Villager (Male) |
| 2:54 | Crear | Villager (Male) |
| 3:07 | Construir | House |
| 4:03 | Construir | Mill |
| 4:10 | Crear | Villager (Male) |
| 4:11 | Crear | Villager (Male) |
| 4:22 | Construir | House |
| 4:50 | Crear | Villager (Male) |
| 5:00 | Construir | House |
| 5:24 | Crear | Villager (Male) |
| 5:29 | Construir | House |
| 5:32 | Construir | House |
| 6:17 | Crear | Villager (Male) |
| 6:18 | Crear | Villager (Male) |
| 6:18 | Crear | Villager (Male) |
| 6:19 | Crear | Villager (Male) |
| 6:19 | Crear | Villager (Male) |
| 7:26 | Crear | Villager (Male) |
| 7:47 | Construir | Lumber Camp |
| 7:53 | Crear | Villager (Male) |
| 8:00 | Crear | Villager (Male) |
| 8:45 | Construir | House |
| 9:20 | Investigar | Feudal Age |
| 9:20 | Investigar | Feudal Age |
| 9:21 | Investigar | Feudal Age |
| 9:22 | Crear | Villager (Male) |
| 9:22 | Crear | Villager (Male) |
| 9:22 | Crear | Villager (Male) |
| 9:23 | Crear | Villager (Male) |
| 9:56 | Construir | Palisade Wall |
| 10:00 | Construir | Palisade Gate |
| 10:07 | Construir | Palisade Wall |
| 10:25 | Construir | Palisade Wall |
| 10:28 | Construir | Palisade Wall |
| 10:35 | Construir | Palisade Wall |
| 10:43 | Construir | Building 796 |
| 11:10 | Construir | Palisade Wall |
| 11:19 | Construir | Barracks |
| 11:38 | Construir | Farm |
| 12:27 | Crear | Villager (Male) |
| 12:27 | Crear | Villager (Male) |
| 12:37 | Investigar | Double-Bit Axe |
| 12:40 | Crear | Villager (Male) |
| 12:42 | Investigar | Town Watch |
| 13:26 | Construir | Blacksmith |
| 13:42 | Construir | Mill |
| 14:07 | Construir | Farm |
| 14:29 | Investigar | Wheelbarrow |
| 14:45 | Construir | Market |
| 15:15 | Construir | Farm |
| 15:26 | Construir | Mining Camp |
| 15:29 | Crear | Villager (Male) |
| 15:30 | Crear | Villager (Male) |
| 15:30 | Crear | Villager (Male) |
| 15:31 | Crear | Villager (Male) |
| 15:49 | Construir | Stable |
| 15:50 | Construir | Stable |
| 16:46 | Crear | Villager (Male) |
| 16:49 | Construir | Lumber Camp |
| 16:51 | Construir | Mining Camp |
| 17:10 | Construir | Farm |
| 17:13 | Construir | Farm |
| 17:26 | Construir | Stable |
| 17:54 | Construir | Farm |
| 18:27 | Construir | Farm |
| 18:35 | Construir | Farm |
| 18:46 | Construir | Stable |
| 18:49 | Investigar | Castle Age |
| 18:49 | Investigar | Castle Age |
| 19:26 | Construir | Barracks |
| 20:12 | Crear | Villager (Male) |
| 20:12 | Crear | Villager (Male) |
| 20:12 | Crear | Villager (Male) |
| 20:34 | Investigar | Scale Barding Armor |
| 20:45 | Investigar | Gold Mining |
| 21:32 | Construir | Town Center |
| 21:39 | Investigar | Bow Saw |
| 21:39 | Investigar | Bow Saw |
| 21:45 | Crear | Knight |
| 21:46 | Crear | Knight |
| 22:00 | Construir | Farm |
| 22:04 | Construir | Farm |
| 22:08 | Construir | Farm |
| 22:34 | Construir | Farm |
| 22:52 | Construir | House |
| 22:53 | Construir | House |
| 22:54 | Construir | House |
| 22:59 | Crear | Villager (Male) |
| 23:00 | Crear | Villager (Male) |
| 23:01 | Crear | Villager (Male) |
| 23:11 | Construir | Farm |
| 23:18 | Construir | Farm |
| 23:21 | Crear | Knight |
| 23:21 | Crear | Knight |
| 23:21 | Crear | Knight |
| 23:22 | Crear | Knight |
| 23:22 | Crear | Knight |
| 23:35 | Construir | House |
| 23:44 | Construir | Farm |
| 23:49 | Crear | Villager (Male) |
| 23:49 | Crear | Villager (Male) |
| 23:52 | Crear | Villager (Male) |
| 24:28 | Construir | Castle |
| 24:41 | Crear | Knight |
| 24:42 | Crear | Knight |
| 24:42 | Crear | Knight |
| 24:42 | Crear | Knight |
| 24:49 | Construir | Farm |
| 24:51 | Construir | Farm |
| 24:52 | Crear | Villager (Male) |
| 24:52 | Crear | Villager (Male) |
| 25:06 | Crear | Villager (Male) |
| 25:06 | Crear | Villager (Male) |
| 25:44 | Construir | Town Center |
| 25:55 | Construir | House |
| 25:57 | Construir | House |
| 26:05 | Construir | Monastery |
| 26:08 | Crear | Villager (Male) |
| 26:08 | Crear | Villager (Male) |
| 26:09 | Crear | Villager (Male) |
| 26:12 | Construir | Farm |
| 26:13 | Crear | Villager (Male) |
| 26:13 | Crear | Villager (Male) |
| 26:14 | Crear | Villager (Male) |
| 27:29 | Construir | Farm |
| 27:31 | Construir | Farm |
| 27:32 | Crear | Villager (Male) |
| 27:32 | Crear | Villager (Male) |
| 27:33 | Crear | Villager (Male) |
| 27:33 | Crear | Villager (Male) |
| 28:26 | Crear | Knight |
| 28:26 | Crear | Knight |
| 28:27 | Crear | Knight |
| 28:27 | Crear | Knight |
| 28:27 | Crear | Knight |
| 28:27 | Crear | Knight |
| 28:28 | Crear | Knight |
Build order — facu07delvechio
Primeras 150 de 290 acciones detectadas
| 0:01 | Crear | Villager (Male) |
| 0:01 | Crear | Villager (Male) |
| 0:02 | Crear | Villager (Male) |
| 0:02 | Crear | Villager (Male) |
| 0:02 | Crear | Villager (Male) |
| 0:08 | Construir | House |
| 0:14 | Construir | House |
| 0:39 | Construir | Mill |
| 1:25 | Crear | Villager (Male) |
| 1:53 | Crear | Villager (Male) |
| 1:53 | Crear | Villager (Male) |
| 2:15 | Crear | Villager (Male) |
| 2:15 | Crear | Villager (Male) |
| 2:45 | Crear | Villager (Male) |
| 2:45 | Crear | Villager (Male) |
| 3:27 | Crear | Villager (Male) |
| 3:27 | Crear | Villager (Male) |
| 3:27 | Crear | Villager (Male) |
| 4:25 | Construir | Lumber Camp |
| 4:28 | Crear | Villager (Male) |
| 4:28 | Crear | Villager (Male) |
| 4:50 | Crear | Villager (Male) |
| 4:50 | Crear | Villager (Male) |
| 4:51 | Crear | Villager (Male) |
| 5:00 | Construir | House |
| 5:09 | Construir | House |
| 5:35 | Investigar | Loom |
| 7:27 | Construir | Barracks |
| 7:39 | Construir | Palisade Wall |
| 7:42 | Construir | Palisade Gate |
| 7:49 | Investigar | Feudal Age |
| 8:27 | Construir | House |
| 9:20 | Construir | Mining Camp |
| 9:59 | Edad | Edad Feudal |
| 10:07 | Construir | Stable |
| 10:13 | Construir | House |
| 10:16 | Crear | Villager (Male) |
| 10:16 | Crear | Villager (Male) |
| 10:39 | Construir | Blacksmith |
| 10:55 | Investigar | Double-Bit Axe |
| 10:55 | Investigar | Double-Bit Axe |
| 10:55 | Investigar | Double-Bit Axe |
| 10:59 | Crear | Villager (Male) |
| 10:59 | Crear | Villager (Male) |
| 11:03 | Crear | Scout Cavalry |
| 11:03 | Crear | Scout Cavalry |
| 11:06 | Crear | Scout Cavalry |
| 11:29 | Crear | Villager (Male) |
| 11:46 | Construir | Lumber Camp |
| 11:49 | Crear | Villager (Male) |
| 11:59 | Crear | Scout Cavalry |
| 12:31 | Construir | Palisade Wall |
| 12:35 | Crear | Villager (Male) |
| 12:36 | Crear | Villager (Male) |
| 13:00 | Construir | Palisade Wall |
| 13:07 | Construir | Stone Wall |
| 13:33 | Construir | Stone Wall |
| 13:38 | Crear | Villager (Male) |
| 13:38 | Crear | Villager (Male) |
| 13:39 | Crear | Villager (Male) |
| 13:44 | Crear | Scout Cavalry |
| 13:45 | Crear | Scout Cavalry |
| 13:50 | Construir | Farm |
| 13:51 | Construir | Farm |
| 13:51 | Construir | Farm |
| 13:52 | Construir | Farm |
| 13:55 | Construir | Farm |
| 14:30 | Crear | Scout Cavalry |
| 14:30 | Crear | Scout Cavalry |
| 14:38 | Construir | Farm |
| 14:39 | Construir | Farm |
| 14:40 | Construir | Farm |
| 14:42 | Construir | Farm |
| 14:44 | Construir | Farm |
| 14:59 | Crear | Villager (Male) |
| 15:27 | Investigar | Horse Collar |
| 15:31 | Construir | House |
| 15:32 | Construir | House |
| 15:33 | Construir | House |
| 15:34 | Construir | House |
| 15:54 | Construir | Stone Wall |
| 15:59 | Crear | Villager (Male) |
| 15:59 | Crear | Villager (Male) |
| 16:56 | Construir | Mining Camp |
| 16:59 | Crear | Villager (Male) |
| 16:59 | Crear | Villager (Male) |
| 16:59 | Crear | Villager (Male) |
| 17:00 | Crear | Villager (Male) |
| 18:38 | Construir | Market |
| 18:54 | Investigar | Gold Mining |
| 19:01 | Construir | Farm |
| 19:01 | Construir | Farm |
| 19:02 | Construir | Farm |
| 19:03 | Construir | Farm |
| 19:58 | Construir | Farm |
| 19:58 | Construir | Farm |
| 20:08 | Investigar | Castle Age |
| 20:44 | Construir | Building 490 |
| 21:06 | Investigar | Bloodlines |
| 21:19 | Investigar | Scale Barding Armor |
| 21:19 | Investigar | Scale Barding Armor |
| 21:20 | Investigar | Scale Barding Armor |
| 22:13 | Construir | Stable |
| 22:48 | Edad | Edad de los Castillos |
| 22:53 | Construir | Town Center |
| 23:21 | Crear | Camel Scout |
| 23:21 | Crear | Camel Scout |
| 23:26 | Crear | Camel Scout |
| 23:26 | Crear | Camel Scout |
| 23:26 | Crear | Camel Scout |
| 23:28 | Investigar | Chain Barding Armor |
| 23:33 | Crear | Camel Scout |
| 23:50 | Crear | Villager (Male) |
| 24:25 | Crear | Camel Scout |
| 24:42 | Crear | Camel Scout |
| 25:05 | Crear | Camel Scout |
| 26:10 | Construir | Castle |
| 26:13 | Crear | Villager (Male) |
| 26:13 | Crear | Villager (Male) |
| 26:13 | Crear | Villager (Male) |
| 27:04 | Construir | Farm |
| 27:05 | Construir | Farm |
| 27:23 | Construir | Farm |
| 27:26 | Construir | Farm |
| 27:27 | Construir | Farm |
| 27:29 | Crear | Villager (Male) |
| 27:30 | Crear | Villager (Male) |
| 27:30 | Crear | Villager (Male) |
| 27:51 | Crear | Ghulam |
| 28:01 | Construir | Monastery |
| 28:04 | Crear | Villager (Male) |
| 28:08 | Crear | Villager (Male) |
| 28:08 | Crear | Villager (Male) |
| 28:23 | Crear | Monk |
| 28:24 | Crear | Monk |
| 28:24 | Crear | Monk |
| 28:41 | Construir | Town Center |
| 28:50 | Crear | Villager (Male) |
| 28:50 | Crear | Villager (Male) |
| 28:51 | Crear | Villager (Male) |
| 29:13 | Crear | Villager (Male) |
| 29:15 | Crear | Villager (Male) |
| 29:25 | Crear | Monk |
| 29:50 | Crear | Villager (Male) |
| 29:51 | Crear | Villager (Male) |
| 29:51 | Crear | Villager (Male) |
| 29:51 | Crear | Villager (Male) |
| 29:58 | Crear | Villager (Male) |
| 29:58 | Crear | Villager (Male) |
| 30:05 | Crear | Villager (Male) |
Build order — stevenrebak
Primeras 150 de 177 acciones detectadas
| 0:03 | Construir | House |
| 0:09 | Crear | Villager (Male) |
| 0:09 | Crear | Villager (Male) |
| 0:10 | Crear | Villager (Male) |
| 0:10 | Crear | Villager (Male) |
| 0:10 | Crear | Villager (Male) |
| 0:21 | Construir | House |
| 1:45 | Construir | Mill |
| 1:52 | Crear | Villager (Male) |
| 1:55 | Investigar | Loom |
| 2:40 | Crear | Villager (Male) |
| 3:16 | Crear | Villager (Male) |
| 3:21 | Crear | Villager (Male) |
| 3:23 | Crear | Villager (Male) |
| 4:36 | Crear | Villager (Male) |
| 4:36 | Crear | Villager (Male) |
| 4:37 | Crear | Villager (Male) |
| 5:03 | Crear | Villager (Male) |
| 5:44 | Crear | Villager (Male) |
| 5:45 | Crear | Villager (Male) |
| 5:45 | Crear | Villager (Male) |
| 5:45 | Crear | Villager (Male) |
| 6:35 | Crear | Villager (Male) |
| 6:39 | Construir | House |
| 7:00 | Construir | Lumber Camp |
| 7:28 | Crear | Villager (Male) |
| 7:28 | Crear | Villager (Male) |
| 8:01 | Construir | Mill |
| 8:24 | Crear | Villager (Male) |
| 8:35 | Crear | Villager (Male) |
| 9:31 | Crear | Villager (Male) |
| 9:36 | Crear | Villager (Male) |
| 10:22 | Investigar | Feudal Age |
| 11:27 | Crear | Villager (Male) |
| 11:27 | Crear | Villager (Male) |
| 11:27 | Crear | Villager (Male) |
| 12:32 | Edad | Edad Feudal |
| 12:34 | Crear | Villager (Male) |
| 12:48 | Construir | Farm |
| 12:52 | Construir | Farm |
| 12:54 | Construir | Farm |
| 12:56 | Construir | Farm |
| 12:59 | Construir | Farm |
| 13:01 | Construir | Farm |
| 13:02 | Construir | Farm |
| 13:10 | Construir | House |
| 13:36 | Crear | Villager (Male) |
| 13:44 | Construir | House |
| 13:48 | Construir | Mining Camp |
| 13:52 | Construir | Mining Camp |
| 14:02 | Construir | Barracks |
| 14:09 | Investigar | Wheelbarrow |
| 14:23 | Investigar | Horse Collar |
| 14:26 | Investigar | Double-Bit Axe |
| 15:06 | Investigar | Town Watch |
| 16:50 | Crear | Villager (Male) |
| 16:50 | Crear | Villager (Male) |
| 17:07 | Crear | Villager (Male) |
| 17:14 | Construir | Farm |
| 17:15 | Construir | Farm |
| 17:16 | Construir | Farm |
| 17:18 | Construir | Farm |
| 17:19 | Construir | Farm |
| 17:21 | Construir | Farm |
| 17:22 | Construir | Farm |
| 17:24 | Construir | Farm |
| 17:54 | Construir | Mining Camp |
| 18:09 | Construir | Stable |
| 18:22 | Crear | Villager (Male) |
| 18:23 | Crear | Villager (Male) |
| 18:25 | Crear | Villager (Male) |
| 18:44 | Construir | Watch Tower |
| 19:01 | Investigar | Stone Mining |
| 19:07 | Investigar | Gold Mining |
| 19:37 | Crear | Villager (Male) |
| 19:37 | Crear | Villager (Male) |
| 19:50 | Construir | Lumber Camp |
| 19:57 | Crear | Villager (Male) |
| 19:57 | Crear | Villager (Male) |
| 19:57 | Crear | Villager (Male) |
| 20:07 | Construir | House |
| 20:08 | Construir | House |
| 20:10 | Construir | House |
| 20:12 | Construir | House |
| 20:18 | Construir | House |
| 20:32 | Investigar | Bloodlines |
| 21:05 | Construir | Blacksmith |
| 21:28 | Crear | Scout Cavalry |
| 21:29 | Crear | Scout Cavalry |
| 21:40 | Crear | Villager (Male) |
| 21:46 | Investigar | Castle Age |
| 21:51 | Investigar | Forging |
| 21:53 | Investigar | Scale Barding Armor |
| 22:12 | Crear | Scout Cavalry |
| 22:34 | Crear | Scout Cavalry |
| 22:56 | Construir | House |
| 23:04 | Crear | Scout Cavalry |
| 23:30 | Construir | Market |
| 23:45 | Crear | Scout Cavalry |
| 23:52 | Investigar | Fletching |
| 24:16 | Crear | Spearman |
| 24:16 | Crear | Spearman |
| 24:16 | Crear | Spearman |
| 24:21 | Investigar | Arson |
| 24:30 | Investigar | Man-at-Arms (upgrade) |
| 24:33 | Crear | Spearman |
| 24:44 | Crear | Villager (Male) |
| 24:44 | Crear | Villager (Male) |
| 24:45 | Crear | Villager (Male) |
| 24:48 | Edad | Edad de los Castillos |
| 24:56 | Investigar | Iron Casting |
| 24:59 | Investigar | Light Cavalry (upgrade) |
| 25:15 | Investigar | Pikeman (upgrade) |
| 25:26 | Construir | Mill |
| 25:31 | Crear | Villager (Male) |
| 25:31 | Crear | Villager (Male) |
| 25:32 | Crear | Villager (Male) |
| 25:43 | Investigar | Husbandry |
| 26:07 | Construir | Farm |
| 26:08 | Construir | Farm |
| 26:09 | Construir | Farm |
| 26:11 | Construir | Farm |
| 26:12 | Construir | Farm |
| 26:15 | Construir | Farm |
| 26:16 | Construir | Farm |
| 26:17 | Construir | Farm |
| 26:28 | Construir | House |
| 26:30 | Construir | House |
| 26:32 | Construir | House |
| 26:34 | Construir | House |
| 26:37 | Construir | House |
| 26:39 | Construir | House |
| 26:40 | Construir | House |
| 26:42 | Construir | House |
| 27:36 | Crear | Villager (Male) |
| 27:37 | Crear | Villager (Male) |
| 27:38 | Crear | Villager (Male) |
| 27:58 | Crear | Spearman |
| 27:59 | Crear | Spearman |
| 27:59 | Crear | Spearman |
| 28:02 | Crear | Spearman |
| 28:42 | Crear | Scout Cavalry |
| 28:43 | Crear | Scout Cavalry |
| 28:43 | Crear | Scout Cavalry |
| 28:57 | Crear | Villager (Male) |
| 30:02 | Crear | Spearman |
| 30:02 | Crear | Spearman |
| 30:02 | Crear | Spearman |
| 30:03 | Crear | Spearman |
| 30:03 | Crear | Spearman |
Build order — [KOFK] Hombredearmas
Primeras 150 de 327 acciones detectadas
| 0:01 | Crear | Villager (Male) |
| 0:02 | Crear | Villager (Male) |
| 0:02 | Crear | Villager (Male) |
| 0:03 | Construir | House |
| 0:05 | Construir | House |
| 0:21 | Crear | Villager (Male) |
| 1:25 | Crear | Villager (Male) |
| 1:25 | Crear | Villager (Male) |
| 1:55 | Crear | Villager (Male) |
| 1:55 | Crear | Villager (Male) |
| 2:04 | Crear | Villager (Male) |
| 2:04 | Crear | Villager (Male) |
| 2:31 | Crear | Villager (Male) |
| 2:31 | Crear | Villager (Male) |
| 3:05 | Crear | Villager (Male) |
| 3:05 | Crear | Villager (Male) |
| 3:34 | Crear | Villager (Male) |
| 3:34 | Crear | Villager (Male) |
| 3:34 | Crear | Villager (Male) |
| 3:55 | Construir | House |
| 4:01 | Crear | Villager (Male) |
| 4:06 | Construir | Lumber Camp |
| 4:19 | Crear | Villager (Male) |
| 4:47 | Crear | Villager (Male) |
| 4:48 | Crear | Villager (Male) |
| 5:21 | Crear | Villager (Male) |
| 5:21 | Crear | Villager (Male) |
| 5:40 | Crear | Villager (Male) |
| 5:41 | Crear | Villager (Male) |
| 5:58 | Construir | House |
| 5:59 | Construir | Mill |
| 6:23 | Crear | Villager (Male) |
| 6:24 | Crear | Villager (Male) |
| 6:34 | Crear | Villager (Male) |
| 7:12 | Crear | Villager (Male) |
| 7:36 | Construir | Farm |
| 7:39 | Construir | Farm |
| 7:44 | Construir | Farm |
| 7:48 | Crear | Villager (Male) |
| 7:57 | Construir | Farm |
| 8:02 | Crear | Villager (Male) |
| 8:17 | Construir | Farm |
| 8:36 | Investigar | Loom |
| 8:46 | Construir | Barracks |
| 9:24 | Investigar | Feudal Age |
| 9:38 | Construir | House |
| 9:50 | Construir | Mining Camp |
| 10:22 | Crear | Villager (Male) |
| 10:22 | Crear | Villager (Male) |
| 10:55 | Construir | Building 800 |
| 11:02 | Construir | Building 796 |
| 11:14 | Construir | House |
| 11:34 | Edad | Edad Feudal |
| 11:48 | Construir | Farm |
| 11:50 | Construir | Farm |
| 11:52 | Construir | Farm |
| 11:57 | Construir | Market |
| 12:05 | Crear | Villager (Male) |
| 12:27 | Crear | Villager (Male) |
| 12:39 | Construir | Blacksmith |
| 12:42 | Crear | Spearman |
| 12:43 | Crear | Spearman |
| 13:04 | Construir | Farm |
| 13:33 | Crear | Villager (Male) |
| 13:34 | Crear | Villager (Male) |
| 13:43 | Construir | House |
| 14:33 | Investigar | Castle Age |
| 14:56 | Construir | Barracks |
| 15:12 | Crear | Spearman |
| 15:15 | Investigar | Double-Bit Axe |
| 15:54 | Investigar | Horse Collar |
| 16:00 | Construir | Farm |
| 16:04 | Construir | Farm |
| 16:07 | Construir | Farm |
| 16:14 | Construir | Farm |
| 16:20 | Construir | Farm |
| 16:26 | Crear | Villager (Male) |
| 16:26 | Crear | Villager (Male) |
| 16:45 | Investigar | Scale Mail Armor |
| 17:13 | Crear | Villager (Male) |
| 17:13 | Edad | Edad de los Castillos |
| 17:17 | Construir | Siege Workshop |
| 17:22 | Crear | Fire Lancer |
| 17:22 | Crear | Fire Lancer |
| 17:54 | Crear | Unit 1105 |
| 18:14 | Construir | Palisade Wall |
| 18:33 | Crear | Villager (Male) |
| 18:36 | Crear | Fire Lancer |
| 18:37 | Crear | Villager (Male) |
| 18:38 | Crear | Villager (Male) |
| 18:41 | Construir | House |
| 18:50 | Construir | House |
| 19:05 | Crear | Fire Lancer |
| 19:10 | Construir | Farm |
| 19:21 | Crear | Fire Lancer |
| 19:32 | Crear | Villager (Male) |
| 19:44 | Crear | Fire Lancer |
| 19:49 | Investigar | Chain Mail Armor |
| 19:55 | Investigar | Squires |
| 20:11 | Crear | Villager (Male) |
| 20:19 | Crear | Fire Lancer |
| 20:23 | Investigar | Arson |
| 20:44 | Construir | House |
| 21:09 | Construir | House |
| 21:25 | Construir | Town Center |
| 21:29 | Investigar | Wheelbarrow |
| 21:36 | Investigar | Forging |
| 21:45 | Crear | Villager (Male) |
| 21:50 | Construir | Archery Range |
| 22:03 | Crear | Villager (Male) |
| 23:10 | Construir | Farm |
| 23:13 | Investigar | Hand Cart |
| 23:21 | Construir | Town Center |
| 23:39 | Crear | Fire Lancer |
| 23:39 | Crear | Fire Lancer |
| 23:39 | Crear | Fire Lancer |
| 23:50 | Crear | Villager (Male) |
| 23:51 | Crear | Villager (Male) |
| 24:21 | Crear | Fire Lancer |
| 24:21 | Crear | Fire Lancer |
| 24:25 | Construir | Farm |
| 24:25 | Crear | Villager (Male) |
| 24:36 | Crear | Fire Lancer |
| 24:36 | Crear | Fire Lancer |
| 24:49 | Crear | Villager (Male) |
| 24:49 | Crear | Villager (Male) |
| 24:49 | Crear | Villager (Male) |
| 25:22 | Crear | Villager (Male) |
| 25:22 | Crear | Villager (Male) |
| 25:24 | Construir | Farm |
| 25:27 | Construir | Farm |
| 25:48 | Crear | Fire Lancer |
| 25:49 | Crear | Fire Lancer |
| 25:49 | Crear | Fire Lancer |
| 25:49 | Crear | Fire Lancer |
| 26:07 | Construir | Farm |
| 26:08 | Crear | Villager (Male) |
| 26:16 | Construir | Farm |
| 26:17 | Crear | Villager (Male) |
| 26:24 | Crear | Villager (Male) ×5 |
| 26:34 | Investigar | Iron Casting |
| 26:38 | Investigar | Heavy Plow |
| 26:42 | Construir | Farm |
| 26:43 | Crear | Villager (Male) |
| 26:47 | Crear | Villager (Male) |
| 26:47 | Crear | Villager (Male) |
| 27:00 | Crear | Villager (Male) |
| 27:01 | Crear | Villager (Male) |
| 27:06 | Investigar | Elite Skirmisher (upgrade) |
| 27:09 | Construir | House |
Cronología de la partida
| 7:27 | facu07delvechio · first_building Barracks |
| 7:39 | facu07delvechio · wall_segment Palisade Wall x7 |
| 8:46 | [KOFK] Hombredearmas · first_building Barracks |
| 9:56 | PinBuckle914816 · wall_segment Palisade Wall x11 |
| 9:59 | facu07delvechio · age_up feudal |
| 10:07 | facu07delvechio · first_building Stable |
| 10:07 | PinBuckle914816 · wall_segment Palisade Wall x7 |
| 10:25 | PinBuckle914816 · wall_segment Palisade Wall x15 |
| 10:28 | PinBuckle914816 · wall_segment Palisade Wall x8 |
| 10:35 | PinBuckle914816 · wall_segment Palisade Wall x17 |
| 11:10 | PinBuckle914816 · wall_segment Palisade Wall x11 |
| 11:19 | PinBuckle914816 · first_building Barracks |
| 11:34 | [KOFK] Hombredearmas · age_up feudal |
| 12:31 | facu07delvechio · wall_segment Palisade Wall x9 |
| 12:32 | stevenrebak · age_up feudal |
| 13:00 | facu07delvechio · wall_segment Palisade Wall x8 |
| 13:07 | facu07delvechio · wall_segment Stone Wall x8 |
| 13:33 | facu07delvechio · wall_segment Stone Wall x14 |
| 14:02 | stevenrebak · first_building Barracks |
| 15:49 | PinBuckle914816 · first_building Stable |
| 15:54 | facu07delvechio · wall_segment Stone Wall x23 |
| 17:13 | [KOFK] Hombredearmas · age_up castle |
| 17:17 | [KOFK] Hombredearmas · first_building Siege Workshop |
| 17:52 | [KOFK] Hombredearmas · first_market_sell 100 wood |
| 18:01 | PinBuckle914816 · first_market_buy 100 food |
| 18:09 | stevenrebak · first_building Stable |
| 18:14 | [KOFK] Hombredearmas · wall_segment Palisade Wall x1 |
| 19:20 | facu07delvechio · first_market_buy 100 food |
| 19:27 | facu07delvechio · first_market_sell 100 wood |
| 21:50 | [KOFK] Hombredearmas · first_building Archery Range |
| 22:48 | facu07delvechio · age_up castle |
| 24:28 | PinBuckle914816 · first_building Castle |
| 24:48 | stevenrebak · age_up castle |
| 26:05 | PinBuckle914816 · first_building Monastery |
| 26:10 | facu07delvechio · first_building Castle |
| 28:01 | facu07delvechio · first_building Monastery |
| 28:59 | [KOFK] Hombredearmas · first_market_buy 100 stone |
| 31:40 | PinBuckle914816 · first_market_sell 100 wood |
| 33:53 | PinBuckle914816 · first_building Siege Workshop |
| 34:02 | [KOFK] Hombredearmas · first_building Monastery |
| 35:35 | stevenrebak · resign |
| 37:49 | [KOFK] Hombredearmas · age_up imperial |
| 40:11 | [KOFK] Hombredearmas · first_building Castle |
| 43:05 | facu07delvechio · age_up imperial |
[ ANÁLISIS IA · 1 CRÉDITO ]
¿Qué pasó realmente en esta partida?
Wolo.gg analiza cada decisión: build order, eco, micro, errores típicos por bracket. Análisis personalizado por WhatsApp o Discord en 30 segundos.
Guía civ
Francos
Perfil
Jugador #22257596